 Dungeon Crawl Stone Soup version 0.19.1-1-g22dce08 (webtiles) character file.

1427 sveltemanboy the Destroyer (level 8, -4/43 HPs)
             Began as a Tengu Conjurer on Jan 8, 2017.
             Was a Follower of Ashenzari.
             Slain by a black mamba (13 damage)
             ... led by Pikel
             ... on level 5 of the Dungeon.
             The game lasted 00:14:58 (5178 turns).

sveltemanboy the Destroyer (Tengu Conjurer)         Turns: 5178, Time: 00:14:58

Health: -4/43      AC:  8    Str:  5 (8)  XL:     8   Next: 72%
Magic:  14/14      EV: 11    Int: 20 (23) God:    Ashenzari [*.....]
Gold:   192        SH:  0    Dex: 12 (15) Spells: 4 memorised, 1 level left

rFire  . . .     SeeInvis .     p - +1 whip (venom)
rCold  . . .     Gourm    .     u - +0 leather armour
rNeg   . . .     Faith    .     (no shield)
rPois  .         Spirit   .     (helmet restricted)
rElec  .         Reflect  .     q - +1 cloak
rCorr  .         Harm     .     x - +2 pair of gloves (curse)
MR     .....                    (boots unavailable)
Stlth  ++........               (no amulet)
                                (no ring)
                                (no ring)

@: brilliant, frozen, silenced, very slow
A: beak, talons 3, able to fly 1
a: Fly, Renounce Religion


You were on level 5 of the Dungeon.
You worshipped Ashenzari.
Ashenzari was aware of your devotion.
You were not hungry.

You visited 1 branch of the dungeon, and saw 5 of its levels.

You collected 192 gold pieces.

Inventory:

Hand Weapons
 p - a +1 whip of venom (weapon)
Armour
 q - a +1 cloak (worn)
 u - a +0 leather armour (worn)
 x - a cursed +2 pair of gloves (worn)
Jewellery
 D - an uncursed ring of fire
Wands
 a - a wand of polymorph (0/24)
 E - a wand of flame (36/48)
 H - a wand of polymorph (9/24)
Scrolls
 e - 2 scrolls of amnesia
 g - a scroll of noise
 h - a scroll of random uselessness
 m - 5 scrolls of identify
 r - 2 scrolls of magic mapping
 C - a scroll of teleportation {unknown}
Potions
 f - a potion of degeneration
 i - 5 potions of haste
 t - a potion of heal wounds
 w - a potion of berserk rage {unknown}
 z - a potion of mutation {unknown}
 A - a potion of curing
 B - 2 potions of lignification {unknown}
Books
 b - a book of Conjurations

   Spells                             Type                      Level
   a - Magic Dart                     Conjuration                  1
   b - Searing Ray                    Conjuration                  2
   c - Dazzling Spray                 Conjuration/Hexes            3
   d - Fulminant Prism                Conjuration/Hexes            4
   e - Iskenderun's Mystic Blast      Conjuration                  4
   f - Iskenderun's Battlesphere      Conjuration/Charms           5
Comestibles
 c - 2 bread rations
 o - a chunk of flesh
 v - a meat ration
 F - a slice of pizza
 G - a beef jerky


   Skills:
 - Level 1.1 Fighting
   Level 1.2 Polearms
 - Level 3.5 Armour
 - Level 2.1 Dodging
 - Level 2.0 Stealth
 - Level 3.3 Spellcasting
 * Level 12.0 Conjurations
 + Level 2.3 Charms


You had one spell level left.
You knew the following spells:

 Your Spells              Type           Power        Failure   Level  Hunger
a - Magic Dart            Conj           ####         1%          1    None
b - Searing Ray           Conj           ######       1%          2    ##.....
c - Iskenderun's Mystic   Conj           ######..     1%          4    ####...
d - Iskenderun's Battles  Conj/Chrm      #####...     3%          5    ######.


Dungeon Overview and Level Annotations

Branches:
Dungeon (5/15)
 Temple: D:4-7

Altars:
Ashenzari
Dithmenos
Elyvilon
Ru
Yredelemnul

Annotations:
D:5 Pikel


Innate Abilities, Weirdness & Mutations

You have a beak for a mouth.
You have claws for feet.
You can fly.


Message History

The flash freeze hits you!
Ouch! That really hurt!
You are encased in ice.
The slave hits you.
* * * LOW HITPOINT WARNING * * *
Evoke which item? (* to show all) (? for menu, Esc to quit)
Zapping:
a - a wand of polymorph {zapped: 9} (will waste charges)
Press: ? - help, Shift-Dir - straight line, f/p - rime drake
Aim: a rime drake (catching its breath, chance to defeat MR: 46%)
The rime drake evaporates and reforms as a black mamba!
Evoking this partially-identified wand wasted a few charges.
The black mamba closely misses you. The slave barely misses you.
Evoke which item? (* to show all) (? for menu, Esc to quit)
Zapping:
a - a wand of polymorph {zapped: 11} (will waste charges)
Press: ? - help, Shift-Dir - straight line, f/p - black mamba
Aim: a black mamba (chance to defeat MR: 46%)
The black mamba resists with some effort.
Evoking this partially-identified wand wasted a few charges.
The black mamba bites you!
You die...

#.# #.##.###.....#####.#. #.#
#...)####'#### #... #.#
####.#.......# #.#. #.#
#####>#.⌠...⌠.# #.## #.#
#.....#.......### #.#.
####.###.###.+...⌠...'.# #..#
#............#.......#.###.##
#.############.⌠...⌠.#.p...##
#.# #S@#.......#####.## #.#
#p#####'##### #..# #.#
#p#..p....K.# #p#. #.#
#.##....###.# #)## #.#
#...p.### #.####.##
#.#*******####..# #.p....#
#.#,,,,,,,,..#..# ########
#.#,*******#.#..# ### #.#,*
#.#..#


You could see a black mamba and 2 slaves.

Vanquished Creatures
  Grinder (D:3)
  A hippogriff (D:5)
  Sigmund (D:5)
  Menkaure (D:5)
  A centaur (D:5)
  Blork the orc (D:5)
  2 scorpions (D:4)
  A bullfrog zombie (D:5)
  A hound (D:5)
  3 orc priests
  An orc wizard (D:5)
  5 worker ants
  A hound skeleton (D:5)
  3 gnolls (D:2)
  7 adders
  4 oozes
  3 worms
  A dart slug (D:4)
  3 leopard geckos
  18 orcs
  2 ball pythons
  5 bats
  3 giant cockroaches (D:1)
  5 goblins
  5 hobgoblins
  8 jackals
  5 kobolds
  A quokka (D:2)
  3 frilled lizards
  A rat (D:1)
97 creatures vanquished.

Notes
Turn   | Place    | Note
-------+----------+-------------------------------------------
     0 | D:1      | sveltemanboy the Tengu Conjurer began the quest for the Orb.
     0 | D:1      | Reached XP level 1. HP: 10/10 MP: 4/4
   409 | D:1      | Reached XP level 2. HP: 13/16 MP: 0/6
   854 | D:1      | Learned a level 2 spell: Searing Ray
   946 | D:1      | Reached skill level 1 in Polearms
  1175 | D:2      | Reached XP level 3. HP: 20/20 MP: 1/7
  1257 | D:2      | Reached skill level 1 in Fighting
  1257 | D:2      | Reached skill level 6 in Conjurations
  1374 | D:2      | Found a shattered altar of Ashenzari.
  1382 | D:2      | Became a worshipper of Ashenzari the Shackled
  1674 | D:2      | Reached XP level 4. HP: 25/25 MP: 5/8
  1943 | D:2      | Reached skill level 7 in Conjurations
  2199 | D:2      | Gained mutation: You can fly. [Tengu growth]
  2199 | D:2      | Reached XP level 5. HP: 24/29 MP: 9/9
  2444 | D:3      | Noticed Grinder
  2499 | D:3      | Learned a level 4 spell: Iskenderun's Mystic Blast
  2587 | D:3      | Killed Grinder
  2587 | D:3      | Reached skill level 8 in Conjurations
  2587 | D:3      | Reached XP level 6. HP: 25/34 MP: 0/12
  2910 | D:3      | Found a white marble altar of Elyvilon.
  3058 | D:3      | Found a sacrificial altar of Ru.
  3327 | D:4      | Reached skill level 1 in Armour
  3327 | D:4      | Reached skill level 9 in Conjurations
  3529 | D:4      | Reached XP level 7. HP: 38/38 MP: 10/13
  3669 | D:4      | Found a shadowy altar of Dithmenos.
  3734 | D:4      | Reached * piety under Ashenzari
  4054 | D:5      | Entered Level 5 of the Dungeon
  4101 | D:5      | Reached skill level 10 in Conjurations
  4185 | D:5      | Found a basalt altar of Yredelemnul.
  4438 | D:5      | Noticed Blork the orc
  4446 | D:5      | Killed Blork the orc
  4446 | D:5      | Reached XP level 8. HP: 43/43 MP: 2/14
  4722 | D:5      | Learned a level 5 spell: Iskenderun's Battlesphere
  4765 | D:5      | Noticed Menkaure
  4770 | D:5      | Killed Menkaure
  4770 | D:5      | Reached skill level 11 in Conjurations
  4770 | D:5      | Reached skill level 1 in Charms
  4779 | D:5      | Noticed a hippogriff
  4838 | D:5      | Killed a hippogriff
  5005 | D:5      | Noticed Sigmund
  5008 | D:5      | Killed Sigmund
  5018 | D:5      | Reached skill level 12 in Conjurations
  5149 | D:5      | Noticed Pikel
  5175 | D:5      | Noticed a rime drake
  5175 | D:5      | a slave changed into a rime drake
  5177 | D:5      | Noticed a black mamba
  5177 | D:5      | a rime drake changed into a black mamba
  5178 | D:5      | Slain by a black mamba

Skill      XL: |  1  2  3  4  5  6  7  8 |
---------------+-------------------------+-----
Polearms       | 1 |  1.2
Fighting       | 1 |  1.1
Conjurations   | 6 7 8 9 10 12 | 12.0
Spellcasting   | 3 |  3.3
Armour         | 1 3 |  3.5
Charms         | 2 |  2.3
Dodging        | |  2.1
Stealth        | |  2.0

Action                   |  1- 3 |  4- 6 |  7- 9 || total
-------------------------+-------+-------+-------++-------
Melee: Spear             |    35 |     5 |       ||    40
       Kick              |     2 |     8 |     9 ||    19
       Whip              |       |    31 |    45 ||    76
       Peck              |       |     3 |    11 ||    14
 Cast: Magic Dart        |    45 |    33 |    19 ||    97
       Searing Ray       |     2 |     7 |    10 ||    19
       Iskenderun's Myst |       |     5 |    13 ||    18
Invok: Curse Item        |       |     1 |       ||     1
Evoke: Wand              |       |       |    10 ||    10
  Use: Scroll            |       |       |    10 ||    10
       Potion            |       |       |     5 ||     5
 Stab: Sleeping          |     2 |     1 |       ||     3
       Distracted        |       |     1 |       ||     1
  Eat: Chunk             |     3 |     7 |     8 ||    18
Armor: Robe              |     7 |     3 |       ||    10
       Leather armour    |       |     1 |    30 ||    31
Dodge: Dodged            |    26 |    17 |    72 ||   115
